 Dungeon Crawl Stone Soup version 0.22.1-2-g9c5b331 (webtiles) character file.

114 MalarOregon the Poker (level 4, -3/34 HPs)
             Began as a Merfolk Skald on Nov 24, 2018.
             Was an Initiate of Nemelex Xobeh.
             Slain by an orc
             ... wielding a +0 falchion
              (5 damage)
             ... on level 3 of the Dungeon.
             The game lasted 00:03:43 (2219 turns).

MalarOregon the Poker (Merfolk Skald)               Turns: 2219, Time: 00:03:43

Health: -3/34      AC:  4    Str:  9 (11) XL:     4   Next: 97%
Magic:  4/7        EV: 12    Int: 10 (13) God:    Nemelex Xobeh [......]
Gold:   90         SH:  0    Dex: 11 (13) Spells: 2/7 levels left

rFire    . . .     SeeInvis .   a - +0 spear
rCold    . . .     Gourm    .   (no shield)
rNeg     . . .     Faith    .   b - +0 leather armour
rPois    .         Spirit   .   (no helmet)
rElec    .         Reflect  .   q - +0 cloak
rCorr    .         Harm     .   (no gloves)
MR       .....                  (no boots)
Stlth    +.........             (no amulet)
HPRegen  0.11/turn              (no ring)
MPRegen  0.10/turn              (no ring)

@: about to teleport, singing
A: change form in water, swift swim, stealthy swim
a: Renounce Religion


You were on level 3 of the Dungeon.
You worshipped Nemelex Xobeh.
Nemelex Xobeh was noncommittal.
You were not hungry.

You visited 1 branch of the dungeon, and saw 3 of its levels.

You collected 90 gold pieces.

Inventory:

Hand Weapons
 a - a +0 spear (weapon)
Armour
 b - a +0 leather armour (worn)
 q - a +0 cloak (worn)
   (You found it on level 3 of the Dungeon)
Wands
 n - a wand of scattershot (6)
   (You found it on level 2 of the Dungeon)
Scrolls
 c - a scroll of fog {unknown}
 g - 2 scrolls of enchant weapon {unknown}
 h - 4 scrolls of identify {unknown}
 l - a scroll of amnesia {unknown}
 o - 2 scrolls of remove curse {unknown}
 p - a scroll of magic mapping {unknown}
Potions
 d - a potion of degeneration {!q}
 i - a potion of haste {unknown}
 j - a potion of invisibility {unknown}
 k - a potion of heal wounds {unknown}
Comestibles
 e - 7 rations {!d}
 m - 8 chunks of flesh


   Skills:
 + Level 2.9 Fighting
 * Level 4.7 Polearms
 - Level 1.0 Armour
 + Level 3.5 Dodging
 + Level 2.4 Spellcasting
 + Level 3.7 Charms
 + Level 0.4 Invocations


You had 2 spell levels left.
You knew the following spells:

 Your Spells              Type           Power        Failure   Level  Hunger
a - Infusion              Chrm           #...         9%          1    ##.....
q - Shroud of Golubria    Chrm/Tloc      #.........   28%         2    ###....
w - Song of Slaying       Chrm           #.......     13%         2    ###....

Your spell library contained the following spells:

 Spells                   Type           Power        Failure   Level  Hunger
 Regeneration             Chrm/Necr      #.........   50%         3    ####...
 Spectral Weapon          Hex/Chrm       #.......     50%         3    ####...


Dungeon Overview and Level Annotations

Branches:
Dungeon (3/15)

Altars:
Elyvilon
Nemelex Xobeh

Annotations:
D:3 Natasha


Message History

An orc is nearby!
The orc shouts!
An orc comes into view.
The orc shouts!
You hit the orc.
Natasha, Servant of Life and Death comes into view.
An orc comes into view. It is wielding a whip.
Space distorts slightly along a thin shroud covering your body.
The orc shouts!
Natasha hisses angrily.
You hear a shout!
The orc misses you.
An orc comes into view. It is wielding a falchion.
You start singing a song of slaying.
The orc misses you.
You hit the orc. The orc hits you with a hand axe.
Natasha casts a spell at you. The magic dart hits you!
You hit the orc.
You kill the orc!
You hit the orc.
Natasha casts a spell.
You hit the orc. The orc misses you.
You hit the orc.
You kill the orc!
You closely miss Natasha.
Your shroud begins to fray at the edges.
Natasha misses you. The orc closely misses you. The iron imp barely misses you.
You hit Natasha. The orc misses you.
Natasha mumbles some strange words.
The orc hits you but does no damage.
You hit Natasha. The iron imp hits you.
Your shroud falls apart!
The orc hits you with a falchion.
* * * LOW HITPOINT WARNING * * *
Natasha casts a spell at you. The magic dart hits you!
* * * LOW HITPOINT WARNING * * *
The orc hits you with a whip.
* * * LOW HITPOINT WARNING * * *
Unknown command.
Unknown command.
As you read the scroll labeled GEKHY JINAIT, it crumbles to dust.
You feel strangely unstable.
It was a scroll of teleportation.
The iron imp completely misses you. The orc barely misses you.
Natasha barely misses you. The orc hits you but does no damage.
Unknown command.
It was a potion of degeneration.
There was something very wrong with that liquid.
You feel weakened.
You feel dopey.
You feel clumsy. The orc hits you with a falchion.
You die...
Your body disappears without a glow.

########## .........#
#.$....# ##÷.####.
#......# #<.#
#.(....##### #..#
#......#.... ##..# #.#
#........... ....# #.#
#...5....... ##.## #.#
#..5ho......
...#####.####...@o...#
##.....#.............#
#.....#.............#
##....÷#.....######+##
.'./...'.....#
##.....#.....#
#..)).#.....#
#..(..#.....#
#.÷...#.....#


You could see an iron imp, Natasha, a crimson imp and 2 orcs.

Vanquished Creatures
  Natasha (D:3)
  An adder (D:2)
  An ooze (D:1)
  A dart slug (D:1)
  A leopard gecko (D:1)
  3 orcs (D:3)
  4 giant cockroaches (D:1)
  7 goblins
  8 hobgoblins
  8 jackals
  A quokka (D:2)
  A ball python (D:1)
  4 bats
  3 frilled lizards
  12 kobolds
  7 rats
63 creatures vanquished.

Notes
Turn   | Place    | Note
-------+----------+-------------------------------------------
     0 | D:1      | MalarOregon the Merfolk Skald began the quest for the Orb.
     0 | D:1      | Reached XP level 1. HP: 16/16 MP: 3/3
   301 | D:1      | Reached XP level 2. HP: 22/22 MP: 5/5
   744 | D:1      | Reached XP level 3. HP: 18/28 MP: 6/6
   778 | D:1      | Reached skill level 4 in Polearms
  1006 | D:2      | Reached skill level 1 in Armour
  1021 | D:2      | Learned a level 2 spell: Song of Slaying
  1024 | D:2      | Learned a level 2 spell: Shroud of Golubria
  1511 | D:2      | Found a white marble altar of Elyvilon.
  1632 | D:2      | Reached XP level 4. HP: 34/34 MP: 7/7
  1972 | D:2      | Found a sparkling altar of Nemelex Xobeh.
  2041 | D:2      | Became a worshipper of Nemelex Xobeh the Trickster
  2092 | D:3      | Noticed Natasha
  2100 | D:3      | Killed Natasha
  2207 | D:3      | Noticed Natasha
  2219 | D:3      | Slain by an orc

Skill      XL: |  1  2  3 |
---------------+----------+-----
Dodging        | 3 |  3.5
Polearms       | 4 |  4.7
Armour         | 1 |  1.0
Fighting       | |  2.9
Spellcasting   | |  2.4
Charms         | |  3.7
Invocations    | |  0.4

Action                   |  1- 3 |  4- 6 || total
-------------------------+-------+-------++-------
Melee: Spear             |   194 |    72 ||   266
 Cast: Shroud of Golubri |     1 |     4 ||     5
       Song of Slaying   |     1 |     2 ||     3
  Use: Scroll            |       |     1 ||     1
       Potion            |       |     1 ||     1
 Stab: Sleeping          |     1 |     1 ||     2
  Eat: Chunk             |     3 |     2 ||     5
Armor: Leather armour    |    39 |    22 ||    61
Dodge: Dodged            |   110 |    94 ||   204
